 Dungeon Crawl Stone Soup version 0.30.0-30-g96aa6591b8 (webtiles) character file.

Game seed: 992329552047886314

7 Sabo the Trooper (level 1, 18/18 HPs)
             Began as a Demonspawn Monk on June 30, 2023.
             Was a Believer of Kikubaaqudgha.
             Got out of the dungeon alive.
             The game lasted 00:01:34 (377 turns).

Sabo the Trooper (Demonspawn Monk)                   Turns: 377, Time: 00:01:36

Health: 18/18      AC:  2    Str: 11    XL:     1   Next: 91%
Magic:  1/1        EV: 13    Int: 11    God:    Kikubaaqudgha [**....]
Gold:   15         SH:  0    Dex: 15    Spells: 0/0 levels left

rFire   . . .        a - +0 hand axe
rCold   . . .        d - orb {light}
rNeg    . . .        b - +0 robe
rPois   .            (no helmet)
rElec   .            (no cloak)
rCorr   .            (no gloves)
SInv    .            (no boots)
Will    .....        (no amulet)
Stlth   +            (no ring)
HPRegen 0.23/turn    (no ring)
MPRegen 0.07/turn

%: no passive effects
@: glowing
A: no striking features
a: Renounce Religion, Unearth Wretches


You escaped.
You worshipped Kikubaaqudgha.
Kikubaaqudgha was pleased with you.
You visited 1 branch of the dungeon, and saw 1 of its levels.

You collected 15 gold pieces.

Inventory:

Hand Weapons
 a - a +0 hand axe (weapon)
Armour
 b - a +0 robe (worn)
 d - an orb of light (worn)
Scrolls
 f - 2 scrolls of amnesia {unknown}
Potions
 c - a potion of ambrosia
 e - a potion of cancellation {unknown}
 g - 4 potions of degeneration {unknown}


   Skills:
 + Level 3.1 Fighting
 + Level 2.9 Axes
 + Level 2.8 Dodging


You couldn't memorise any spells.
You didn't know any spells.
Your spell library contained the following spells:

 Spells                   Type           Power      Damage    Failure   Level
 Necrotise                Necr           0%         1d4       34%         1
 Cigotuvi's Dreadful Rot  Necr/Pois/Air  0%         N/A       47%         2
 Sublimation of Blood     Necr           0%         N/A       47%         2
 Animate Dead             Necr           0%         N/A       98%         4


Dungeon Overview and Level Annotations

Branches:
Dungeon (1/15)

Altars:
Kikubaaqudgha


Message History

A hobgoblin comes into view.
The hobgoblin shouts!
You hit the hobgoblin.
The hobgoblin is heavily wounded.
The hobgoblin completely misses you.
You barely miss the hobgoblin.
The hobgoblin is heavily wounded.
The hobgoblin barely misses you. The hobgoblin hits you.
You hit the hobgoblin but do no damage.
The hobgoblin is heavily wounded.
The hobgoblin hits you.
You hit the hobgoblin.
You kill the hobgoblin!
Found a stone staircase leading down.
You start resting.
HP restored.
You open the door.
Found a faded altar of an unknown god.
There is an open door here.
Found 3 fizzy pink potions.
g - 4 fizzy pink potions (gained 3)
You open the door.
There is an open door here.
There is a faded altar of an unknown god here.
This altar belongs to (a) Kikubaaqudgha, (b) Qazlal or (c) Makhleb, but you can't tell which.
Press the corresponding letter to learn more about a god, or press enter to convert or escape to cancel.
Kikubaaqudgha accepts your prayer! Kikubaaqudgha welcomes you!
You can now bring forth the wretched and dying.
Kikubaaqudgha grants you a gift!
You add the spells Necrotise, Cigotuvi's Dreadful Rot, Sublimation of Blood and Animate Dead to your library.
Kikubaaqudgha is now protecting you from necromantic miscasts and death curses.
There is an ancient bone altar of Kikubaaqudgha here.
There is an open door here.
You hit the plant.
The plant begins to die.
The plant is lightly damaged.
There is an open door here.
A nearby plant withers and dies.
There is a staircase leading out of the dungeon here.
Are you sure you want to leave the Dungeon?
This will make you lose the game!
You have escaped!

...#
#.##....#...#.....
...# #.....
.#...#.####
#######..#.##.#...# .
#.......#....#...# #
#.####.†#....#...#
##.....#)#....#...#
...###.#...# #...#
.......##..# #...#
...........# ##.@.##
.....)####.###.....##
...........##..8.>..##
......######.........#
....†.# ##.....#.....#
......#
##.....###.....#
#####.###.....##
##.....# #.##.÷...##
##.....# #.......##
#......


There were no monsters in sight!

Vanquished Creatures
  2 hobgoblins (D:1)
  2 kobolds (D:1)
  A quokka (D:1)
  A ball python (D:1)
  A rat (D:1)
7 creatures vanquished.

Notes
Turn   | Place    | Note
-------+----------+-------------------------------------------
     0 | D:1      | Sabo the Demonspawn Monk began the quest for the Orb.
     0 | D:1      | Reached XP level 1. HP: 18/18 MP: 1/1
   268 | D:1      | Found a faded altar of an unknown god.
   289 | D:1      | Prayed at the altar of an unknown god.
   289 | D:1      | Became a worshipper of Kikubaaqudgha
   289 | D:1      | Reached * piety under Kikubaaqudgha
   289 | D:1      | Received a gift from Kikubaaqudgha
   289 | D:1      | Reached ** piety under Kikubaaqudgha
   377 | D:$      | Got out of the dungeon alive.

Illustrated notes

Levels and vault maps discovered:
D:1:      psy_arrival_spokes, layout_basic, shapermc_ecumenical_altar_ellora,
          minmay_tripent

Action                     || total
---------------------------++-------
  Melee: Hand axe          ||    21
  Dodge: Dodged            ||    15
